 Dungeon Crawl Stone Soup version 0.31.0-2-g5a2aebc5c2 (webtiles) character file.

Game seed: 16249544675136550237

161 shadowrider38 the Cutter (level 5, -1/26 HPs)
             Began as a Vine Stalker Brigand on Jan 21, 2024.
             Slain by a frilled lizard (2 damage)
             ... in a sewer.
             The game lasted 00:06:16 (1224 turns).

shadowrider38 the Cutter (Vine Stalker Brigand)     Turns: 1224, Time: 00:06:16

Health: -1/26      AC:  4    Str: 14    XL:     5   Next: 42%
Magic:  0/6        EV: 11    Int: 11    God:
Gold:   51         SH:  0    Dex: 17    Spells: 4/4 levels left

rFire   . . .        a - +2 dagger
rCold   . . .        (no shield)
rNeg    . . .        f - +0 leather armour
rPois   .            (no helmet)
rElec   .            c - +0 cloak
rCorr   .            (no gloves)
SInv    .            (no boots)
Will    .....        (no amulet)
Stlth   +++          (no ring)
HPRegen 1.04/turn    (no ring)
MPRegen 0.10/turn

%: guardian spirit
@: no status effects
A: fangs 2, regeneration 1, magic shield, antimagic bite, no potion heal 2
a: no special abilities


You were in a sewer.
You visited 1 branch of the dungeon, and saw 3 of its levels.
You also visited: Sewer.

You collected 51 gold pieces.

Inventory:

Hand Weapons
 a - a +2 dagger (weapon)
 j - a +0 scimitar of electrocution
Missiles
 k - 12 poisoned darts
 F - a curare-tipped dart
Armour
 c - a +0 cloak (worn)
 f - a +0 leather armour (worn)
Scrolls
 d - 2 scrolls of identify {unknown}
 g - a scroll of poison {unknown}
 i - a scroll of amnesia {unknown}
Potions
 b - a potion of ambrosia {unknown}
 e - a potion of experience {unknown}
 h - a potion of attraction {unknown}


   Skills:
 - Level 1.7 Fighting
 + Level 5.0 Short Blades
 - Level 1.7 Throwing
 - Level 0.7 Dodging
 - Level 4.8 Stealth


You had 4 spell levels left.
You didn't know any spells.
Your spell library contained the following spells:

 Spells                   Type           Power      Damage    Failure   Level
 Scorch                   Fire           0%         2d5       56%         2
 Hailstorm                Conj/Ice       0%         3d5       80%         3
 Summon Ice Beast         Ice/Summ       0%         N/A       80%         3
 Flame Wave               Conj/Fire      0%         2d4       99%         4
 Sculpt Simulacrum        Ice/Alch       0%         N/A       100%        6
 Summon Cactus Giant      Summ           0%         N/A       100%        6


Dungeon Overview and Level Annotations

Branches:
Dungeon (3/15) Zot: 17022   Sewer (1/1) Zot: 5732

Altars:


Innate Abilities, Weirdness & Mutations

You have extremely sharp teeth.
Your natural rate of healing is unusually fast.
When hurt, damage is shared between your health and your magic reserves.
Your bite disrupts and absorbs the magic of your enemies.
Potions cannot restore your health.


Message History

The adder barely misses you.
Unknown command.
Throw: 2 darts (curare)
Press: ? - help, Shift-Dir - straight line, f/p - bullfrog
Aim: a bullfrog (47% to hit)
You throw a curare-tipped dart.
The curare-tipped dart hits the bullfrog.
The bullfrog is poisoned.
The bullfrog struggles to breathe.
The bullfrog seems to slow down.
The bullfrog is heavily wounded.
The bullfrog hits you! The adder bites you but does no damage.
You hit the bullfrog.
The bullfrog is heavily wounded.
The adder misses you. The bullfrog hits you.
You hit the bullfrog.
The bullfrog is severely wounded.
The adder barely misses you.
You hit the bullfrog.
The bullfrog is almost dead.
The bullfrog hits you!
* * * LOW HITPOINT WARNING * * *
The adder bites you.
* * * LOW HITPOINT WARNING * * *
Okay, then.
Unknown command.
You hit the bullfrog.
You kill the bullfrog!
The adder closely misses you.
Your Short Blades skill increases to level 5!
You have reached level 5!
You hit the adder.
The adder is moderately wounded.
The adder misses you.
You hit the adder but do no damage.
The adder is moderately wounded.
The frilled lizard bites you but does no damage.
The adder bites you but does no damage.
You closely miss the adder.
The adder is moderately wounded.
The frilled lizard barely misses you. The adder closely misses you.
You hit the adder.
The adder is heavily wounded.
The adder bites you but does no damage. The frilled lizard bites you.
* * * LOW HITPOINT WARNING * * *
You miss the adder. Your bite misses the adder.
The adder is heavily wounded.
The adder bites you.
* * * LOW HITPOINT WARNING * * *
The frilled lizard bites you.
You die...

#~~≈~~# ≈≈ #~~≈~~#
#≈≈≈≈≈~~.[?~. ≈≈ #.~≈~~#
#≈≈≈≈≈≈.?/$~~ ≈~ #.~≈~~#
#≈≈≈≈≈≈≈~[w~. ~≈ #.~≈~.#
#≈≈≈≈≈≈≈≈w~.~~~~≈≈ #.~≈~.#
#≈≈~≈F≈≈≈≈~~.w≈≈≈ #.~≈~.#
≈≈≈~≈≈≈≈≈≈≈≈≈≈≈≈
#~~≈~.#######~≈≈≈≈≈≈≈~~≈≈≈≈
#~≈≈~~~...@Sw....~~≈~≈≈~~~~
#~B≈~~~~~~~l~~~~~~~~≈~~≈≈≈~
#.~≈≈≈≈≈≈≈≈≈≈≈≈≈≈≈≈≈≈≈≈≈≈≈≈
#~~≈~~~~~~~~~~~~~††~~~~~~~~
#~~≈~~.~~÷.................
#~~≈~~#####################
#.~≈~.########
###.~≈~~~~~~~~.########
≈≈≈≈≈≈~~~~~~.~~...∩.∩.#


You could see an adder, a dart slug and a frilled lizard.

Vanquished Creatures
  A bullfrog (Sewer)
  4 adders
  3 dart slugs
  8 ball pythons
  2 bats
  5 endoplasms
  8 giant cockroaches
  4 goblins
  4 hobgoblins
  8 frilled lizards
  5 kobolds
  5 rats
57 creatures vanquished.

Notes
Turn   | Place    | Note
-------+----------+-------------------------------------------
     0 | D:1      | shadowrider38 the Vine Stalker Brigand began the quest for
                  | the Orb.
     0 | D:1      | Reached XP level 1. HP: 11/11 MP: 2/2
    13 | D:1      | Reached skill level 2 in Short Blades
    76 | D:1      | Reached XP level 2. HP: 14/15 MP: 1/3
   627 | D:1      | Reached skill level 3 in Short Blades
   656 | D:2      | Reached XP level 3. HP: 18/18 MP: 4/4
   948 | D:3      | Reached XP level 4. HP: 23/23 MP: 5/5
   964 | D:3      | Found a glowing drain.
   986 | Sewer    | Entered a sewer
  1020 | Sewer    | Reached skill level 4 in Short Blades
  1206 | Sewer    | Noticed a bullfrog
  1218 | Sewer    | HP: 1/23 [adder (3)]
  1219 | Sewer    | Killed a bullfrog
  1220 | Sewer    | Reached skill level 5 in Short Blades
  1220 | Sewer    | Reached XP level 5. HP: 3/26 MP: 0/6
  1224 | Sewer    | HP: 1/26 [adder (4)]
  1224 | Sewer    | Slain by a frilled lizard

Illustrated notes

Levels and vault maps discovered:
D:1:      dpeg_arrival_boxorama, layout_basic, serial_curves, eino_curves_04,
          eino_curves_02, eino_curves_01, eino_curves_03
D:2:      layout_basic, grunt_ministairs_6
D:3:      minmay_angry_zag, layout_basic, lemuel_tele_altar,
          overflow_temple_1_default, shapermc_ecumenical_altar_flowoftime,
          mainiacjoe_sewer_entry_somewhere_in_here_1, uniq_robin
Sewer:    sewer_frog_island_01

Skill      XL: |  1  2  3  4 |
---------------+-------------+-----
Short Blades   | 2 3 5 |  5.0
Fighting       | |  1.7
Throwing       | |  1.7
Dodging        | |  0.7
Stealth        | |  4.8

Action                     |  1- 3 |  4- 6 || total
---------------------------+-------+-------++-------
  Melee: Dagger            |    75 |    74 ||   149
         Bite              |    19 |    20 ||    39
         Punch             |     2 |       ||     2
  Throw: Dart              |       |     2 ||     2
   Stab: Sleeping          |     5 |     2 ||     7
         Distracted        |     1 |       ||     1
 Armour: Robe              |     6 |       ||     6
         Leather armour    |    25 |    62 ||    87
  Dodge: Dodged            |    49 |    51 ||   100
